 Dungeon Crawl Stone Soup version 0.30-a0-465-g8901f6c8b5 (webtiles) character file.

Game seed: 1967729253675086319

44961 freelancePsychic the Unseen (level 14, -2/94 HPs)
             Began as a Kobold Reaver on Dec 18, 2022.
             Was the Champion of Nemelex Xobeh.
             Killed from afar by an oklob plant (26 damage)
             ... with a splash of acid
             ... on level 5 of the Lair of Beasts.
             The game lasted 00:33:15 (16636 turns).

freelancePsychic the Unseen (Kobold Reaver)        Turns: 16636, Time: 00:33:16

Health: -2/94      AC:  4    Str: 10    XL:     14   Next: 68%
Magic:  23/23      EV: 21    Int: 15    God:    Nemelex Xobeh [******]
Gold:   411        SH:  0    Dex: 17    Spells: 16/17 levels left

rFire   + . .      SeeInvis .    b - +6 rapier (protect)
rCold   . . .      Faith    .    (no shield)
rNeg    . . .      Spirit   .    v - +0 troll leather armour
rPois   +          Reflect  .    r - +0 helmet
rElec   .          Harm     .    f - +0 cloak
rCorr   .          Rampage  .    i - +2 pair of gloves
Will    +....                    (no boots)
Stlth   ++++++++..               (no amulet)
HPRegen 1.15/turn                P - ring of protection from fire
MPRegen 0.18/turn                w - ring of poison resistance

@: corroded, under a protective aura
A: small, no large weapons, nightstalker 3
a: Renounce Religion, Draw Escape, Draw Destruction, Draw Summoning, Triple
Draw, Deal Four, Stack Five


You were on level 5 of the Lair of Beasts.
You worshipped Nemelex Xobeh.
Nemelex Xobeh was exalted by your worship.
You visited 2 branches of the dungeon, and saw 16 of its levels.
You also visited: Bailey and Volcano.

You collected 1451 gold pieces.
You spent 1040 gold pieces at shops.

Inventory:

Hand Weapons
 b - a +6 rapier of protection (weapon)
 T - a +1 arbalest of flaming
Armour
 f - a +0 cloak (worn)
 i - a +2 pair of gloves (worn)
 r - a +0 helmet (worn)
 v - a +0 troll leather armour (worn)
 E - a +0 leather armour
 U - a +0 buckler
Magical Staves
 g - a staff of conjuration
Jewellery
 l - a ring of willpower
 s - a +6 ring of strength
 w - a ring of poison resistance (right hand)
 M - an amulet of faith
 O - a +6 ring of intelligence
 P - a ring of protection from fire (left hand)
 Q - a ring of magical power
 V - the ring "Gulic" {Str+4 Slay+4}
   (You found it on level 4 of the Lair of Beasts)

   [ring of slaying]

   Str:       It affects your strength (+4).
   Slay:      It affects your accuracy & damage with ranged weapons and melee
   (+4).
Wands
 a - a wand of polymorph (11)
 y - a wand of charming (8)
 z - a wand of mindburst (13)
 C - a wand of digging (2)
 G - a wand of flame (38)
 R - a wand of acid (5)
Scrolls
 k - 2 scrolls of blinking
 m - 8 scrolls of teleportation {@r4}
 n - 5 scrolls of amnesia
 o - 3 scrolls of identify {@r1}
 p - 3 scrolls of fear
 q - 2 scrolls of poison
 D - 4 scrolls of magic mapping
 F - 3 scrolls of immolation
 S - a scroll of silence
Potions
 c - 7 potions of heal wounds {@q2}
 d - 2 potions of might {unknown}
 e - 3 potions of haste {@q3}
 h - 4 potions of invisibility
 j - 4 potions of brilliance
 t - a potion of ambrosia
 u - 4 potions of mutation {unknown}
 x - 5 potions of berserk rage {unknown}
 A - 2 potions of resistance {unknown}
 B - 3 potions of magic {unknown}
 H - a potion of attraction
 I - a potion of cancellation {unknown}
 J - 4 potions of curing {@q1}
 K - a potion of flight
 L - 2 potions of lignification {unknown}


   Skills:
 + Level 13.5 Fighting
 - Level 14.0 Short Blades
 + Level 11.9 Dodging
 - Level 19.7 Stealth
 - Level 2.1 Spellcasting
 - Level 3.0 Conjurations
 + Level 12.6 Invocations


You had 16 spell levels left.
You knew the following spells:

 Your Spells              Type           Power      Damage    Failure   Level
a - Kiss of Death         Conj/Necr      24%        2d7       16%         1

Your spell library contained the following spells:

 Spells                   Type           Power      Damage    Failure   Level
 Momentum Strike          Conj/Tloc      12%        3d8       24%         2
 Sting                    Tmut/Pois      4%         1d3       30%         1
 Poisonous Vapours        Pois/Air       2%         N/A       41%         2
 Sublimation of Blood     Necr           1%         N/A       41%         2
 Wereblood                Tmut           1%         N/A       41%         2
 Dazzling Flash           Conj/Hex       12%        N/A       43%         3
 Hailstorm                Conj/Ice       6%         3d4       43%         3
 Ignite Poison            Fire/Tmut/Pois 1%         N/A       65%         3
 Kindle Blastsparks       Fire/Tloc/Air  2%         2d10      65%         3
 Ozocubu's Armour         Ice            1%         N/A       65%         3
 Iskenderun's Mystic Bla  Conj/Tloc      6%         2d4       85%         4
 Airstrike                Air            0%         2d(1-17)  96%         4
 Animate Dead             Necr           1%         N/A       96%         4
 Olgreb's Toxic Radiance  Pois           1%         N/A       96%         4
 Summon Ice Beast         Ice/Summ       1%         N/A       96%         4
 Summon Lightning Spire   Summ/Air       1%         N/A       96%         4
 Lightning Bolt           Conj/Air       3%         1d14      99%         5
 Summon Mana Viper        Hex/Summ       1%         N/A       100%        5
 Iron Shot                Conj/Erth      3%         9d2       100%        6
 Starburst                Conj/Fire      3%         6d3       100%        6
 Dragon Form              Tmut           0%         N/A       100%        7
 Monstrous Menagerie      Summ           0%         N/A       100%        7
 Ozocubu's Refrigeration  Ice            0%         4d7       100%        7
 Storm Form               Tmut/Air       0%         N/A       100%        7
 Summon Hydra             Summ           0%         N/A       100%        7
 Shatter                  Erth           0%         3d5*      100%        9


Dungeon Overview and Level Annotations

Branches:
Dungeon (11/15)            Temple (0/1) D:4            Lair (5/5) D:8
  Swamp (0/4) Lair:2       Spider (0/4) Lair:2        Slime (0/5) Lair:5
    Orc (0/2) D:11         Bailey (visited)         Volcano (visited)

Altars:
Dithmenos
Gozag
Hepliaklqana
Kikubaaqudgha
Makhleb
Nemelex Xobeh
Okawaru
Sif Muna
Vehumet
Xom
Jiyva

Shops:
D:6 :   D:8 !

Portals:
Trove: D:10 (give 4 scrolls of fog)

Annotations:
D:2 Terence
D:5 2 transporters
D:7 Joseph
D:10 exclusion: wizard
Lair:5 exclusion: oklob plant


Innate Abilities, Weirdness & Mutations

You are small and have problems with some larger weapons.
You are completely attuned to the shadows.


Message History

An oklob plant comes into view.
Marking area around an oklob plant as unsafe for travelling.
You puncture the oklob plant!
Your weapon exudes an aura of protection.
The oklob plant is lightly damaged.
The oklob plant spits acid at you. The splash of acid misses you.
You puncture the oklob plant!
The oklob plant is moderately damaged.
You hit the oklob plant.
The oklob plant is moderately damaged.
The oklob plant spits acid at you.
The splash of acid hits you but does no damage.
The acid corrodes you!
You hit the oklob plant but do no damage.
The oklob plant is moderately damaged.
You hit the oklob plant.
The oklob plant is heavily damaged.
The oklob plant spits acid at you. The splash of acid hits you!!
The acid corrodes you!
You hit the oklob plant.
The oklob plant is heavily damaged.
You hit the oklob plant but do no damage.
The oklob plant is heavily damaged.
You hit the oklob plant but do no damage.
The oklob plant is heavily damaged.
You completely miss the oklob plant.
The oklob plant is heavily damaged.
The oklob plant spits acid at you. The splash of acid hits you!!
The oklob plant spits acid at you. The splash of acid hits you!!
The oklob plant spits acid at you. The splash of acid hits you!
* * * LOW HITPOINT WARNING * * *
The acid corrodes you! The oklob plant spits acid at you.
The splash of acid hits you!!
You die...
Your body glows with a rainbow of weird colours and disappears.

...##P.#.#.........
#..###..####.......
#..###.#..##..PP###
##..##....###..####.
#....#......#.......
##..........##..#....
#.................#..
##...#...#.##........
#...@.########......#
###...##..#.P.......P
#...................
###...PP..##..####..
####P.## #### #.#.
### #.## ###


You could see an oklob plant.

Vanquished Creatures
  A red draconian (Volcano)
  9 hydras
  A catoblepas (Lair:3)
  A centaur warrior (Volcano)
  A two-headed ogre (D:10)
  2 death yaks (Lair:3)
  A lindwurm (Lair:5)
  A cyclops (D:10)
  3 elephants
  8 black mambas
  2 molten gargoyles
  A torpor snail (Lair:3)
  A gargoyle (Volcano)
  7 cane toads
  2 yaktaurs (Volcano)
  4 rime drakes
  9 komodo dragons
  2 guardian mummies (D:10)
  6 polar bears
  A troll (D:6)
  9 dream sheep
  22 blink frogs
  A spriggan (Bailey)
  33 yaks
  4 wyverns
  5 fire bats (Volcano)
  4 basilisks
  A human (Lair:4)
  4 steam dragons
  2 vampire mosquitoes (Lair:2)
  12 water moccasins
  An orc warrior (D:10)
  2 ice beasts (D:6)
  3 black bears
  5 wolves (Lair:3)
  A boggart (D:7)
  4 ogres (Bailey)
  6 centaurs
  2 phantoms
  Blork the orc (D:6)
  7 kobold brigands
  10 bullfrogs
  2 scorpions (D:5)
  4 wights (D:9)
  A troll zombie (D:11)
  5 howler monkeys
  6 electric eels
  A crimson imp (D:10)
  6 lava snakes
  8 hounds
  4 orc priests
  A jelly (D:8)
  2 iguanas
  3 orc wizards
  2 ogre zombies (D:11)
  5 gnolls (D:6)
  11 adders
  A white imp (D:6)
  3 worms
  2 dart slugs
  20 orcs
  3 ball pythons (D:2)
  4 endoplasms
  4 giant cockroaches
  10 goblins
  9 hobgoblins
  4 quokkas
  4 bats
  3 frilled lizards
  A goblin zombie (D:11)
  24 kobolds
  An orc skeleton (D:11)
  3 orc zombies (D:11)
  7 rats
366 creatures vanquished.

Vanquished Creatures (collateral kills)
  A two-headed ogre (Bailey)
  A molten gargoyle (Lair:5)
  A blink frog (Lair:5)
  3 yaks (Lair:5)
  4 spriggans (Bailey)
  A hell hound (Lair:5)
  A sky beast (D:7)
  3 orc warriors
  A scorpion (D:7)
  3 orc priests (D:7)
  An orc wizard (D:7)
  A white imp (D:7)
  7 orcs
28 creatures vanquished.

Vanquished Creatures (others)
  A sky beast (D:8)
  A killer bee (D:8)
  A howler monkey (D:8)
  A gnoll bouda (D:6)
  20 fungi
  29 plants
53 creatures vanquished.

Grand Total: 447 creatures vanquished

Notes
Turn   | Place    | Note
-------+----------+-------------------------------------------
     0 | D:1      | freelancePsychic the Kobold Reaver began the quest for the
                  | Orb.
     0 | D:1      | Reached XP level 1. HP: 12/12 MP: 3/3
    76 | D:1      | Reached skill level 1 in Stealth
   185 | D:1      | Reached XP level 2. HP: 17/17 MP: 5/5
   321 | D:1      | Reached skill level 2 in Stealth
   623 | D:1      | Found a faded altar of an unknown god.
   627 | D:1      | Prayed at the altar of an unknown god.
   627 | D:1      | Became a worshipper of Nemelex Xobeh the Trickster
   627 | D:1      | Reached * piety under Nemelex Xobeh
   627 | D:1      | Received a gift from Nemelex Xobeh
   873 | D:2      | Reached XP level 3. HP: 19/19 MP: 6/6
  1042 | D:2      | Reached skill level 3 in Stealth
  1235 | D:2      | Found a runed translucent door.
  1238 | D:2      | Noticed Crazy Yiuf
  1242 | D:2      | Crazy Yiuf changed into Crazy Yiuf the iguana
  1242 | D:2      | Noticed Crazy Yiuf
  1245 | D:2      | Killed Crazy Yiuf the iguana
  1246 | D:2      | Reached skill level 1 in Invocations
  1246 | D:2      | Reached XP level 4. HP: 18/26 MP: 7/7
  1509 | D:2      | Reached skill level 4 in Stealth
  1521 | D:2      | Noticed Terence
  1782 | D:3      | Reached ** piety under Nemelex Xobeh
  1809 | D:3      | Received a gift from Nemelex Xobeh
  2001 | D:3      | Reached XP level 5. HP: 30/30 MP: 8/8
  2200 | D:3      | Found an ancient bone altar of Kikubaaqudgha.
  2589 | D:4      | Found a staircase to the Ecumenical Temple.
  2787 | D:4      | Reached skill level 5 in Stealth
  3279 | D:5      | Entered Level 5 of the Dungeon
  3423 | D:5      | Reached XP level 6. HP: 35/35 MP: 9/9
  3461 | D:5      | Reached *** piety under Nemelex Xobeh
  3545 | D:5      | Received a gift from Nemelex Xobeh
  3580 | D:5      | Reached skill level 5 in Short Blades
  3895 | D:5      | Found a transporter.
  3906 | D:5      | Found a transporter.
  4171 | D:5      | Reached XP level 7. HP: 29/40 MP: 10/10
  4265 | D:5      | Reached skill level 6 in Stealth
  4292 | D:5      | Received a gift from Nemelex Xobeh
  5020 | D:6      | Noticed a troll
  5040 | D:6      | Reached **** piety under Nemelex Xobeh
  5049 | D:6      | Found Zuegip's Self-Improvement Boutique.
  5407 | D:6      | Killed a troll
  5408 | D:6      | Reached XP level 8. HP: 46/46 MP: 11/11
  5740 | D:6      | Received a gift from Nemelex Xobeh
  6097 | D:6      | Noticed Blork the orc
  6116 | D:6      | Killed Blork the orc
  6217 | D:6      | Reached skill level 5 in Invocations
  6418 | D:7      | Found a flagged portal.
  6432 | Bailey   | Entered a bailey
  6476 | Bailey   | Reached XP level 9. HP: 25/52 MP: 11/13
  6545 | Bailey   | Reached skill level 10 in Short Blades
  6548 | Bailey   | Reached skill level 5 in Fighting
  6575 | Bailey   | Noticed a two-headed ogre
  6580 | Bailey   | Killed a two-headed ogre
  6581 | Bailey   | Reached XP level 10. HP: 29/60 MP: 13/15
  6808 | D:7      | Identified the +10 flail of Xiemaoli {holy, Dex+2}
  6837 | D:7      | Noticed Joseph
  7248 | D:7      | Received a gift from Nemelex Xobeh
  7626 | D:8      | Reached ***** piety under Nemelex Xobeh
  7638 | D:8      | Found a staircase to the Lair.
  7762 | D:8      | Found an iron altar of Okawaru.
  7810 | D:8      | Received a gift from Nemelex Xobeh
  8003 | D:8      | Found Vecoalebb's Distillery.
  8015 | D:8      | Found a sparkling altar of Nemelex Xobeh.
  8020 | D:8      | Found a radiant altar of Vehumet.
  8511 | Lair:1   | Entered Level 1 of the Lair of Beasts
  8609 | D:9      | Got the Papyrus of the Forsaken Allies
  8637 | D:9      | Received a gift from Nemelex Xobeh
  8790 | D:9      | Found an opulent altar of Gozag.
  8909 | D:9      | Reached XP level 11. HP: 30/68 MP: 17/17
  8947 | D:9      | Noticed a three-headed hydra
  8947 | D:9      | Identified the +7 halberd "Killer Klown's Doom" {freeze,
                  | Fly rElec rF+ rCorr}
  8960 | D:9      | Killed a three-headed hydra
  8961 | D:9      | Reached skill level 5 in Dodging
  8961 | D:9      | Reached skill level 7 in Stealth
  9009 | D:9      | Received a gift from Nemelex Xobeh
  9217 | D:9      | Got the Handbook of Stones and Misery
  9256 | D:10     | Entered Level 10 of the Dungeon
  9341 | D:10     | Found a hazy altar of Hepliaklqana.
  9342 | D:10     | Found a shadowy altar of Dithmenos.
  9449 | D:10     | Noticed a two-headed ogre
  9452 | D:10     | Killed a two-headed ogre
  9453 | D:10     | Reached skill level 8 in Stealth
  9749 | D:10     | Noticed a cyclops
  9753 | D:10     | Killed a cyclops
  9963 | D:10     | Noticed a wizard
 10031 | D:10     | Found a portal to a secret trove of treasure.
 10097 | D:10     | Received a gift from Nemelex Xobeh
 10341 | D:10     | Reached skill level 9 in Stealth
 10388 | D:10     | Found a burning altar of Makhleb.
 10388 | D:10     | Found a shimmering altar of Xom.
 10594 | D:11     | Identified the +1 robe of the Valley of Death {rN+}
 10609 | D:11     | Found a shimmering blue altar of Sif Muna.
 10654 | D:11     | Received a gift from Nemelex Xobeh
 10767 | D:11     | Found a staircase to the Orcish Mines.
 10923 | Lair:1   | You fall into a shaft and drop 1 floor!
 10962 | Lair:2   | Reached XP level 12. HP: 73/76 MP: 18/18
 11057 | Lair:2   | Reached skill level 10 in Stealth
 11104 | Lair:2   | Found a staircase to the Swamp.
 11110 | Lair:2   | Received a gift from Nemelex Xobeh
 11123 | Lair:2   | Reached skill level 10 in Dodging
 11168 | Lair:2   | Reached ****** piety under Nemelex Xobeh
 11255 | Lair:2   | Reached skill level 10 in Fighting
 11553 | Lair:2   | Found the +8 whip "Snakebite" {venom, curare, rPois}
 11655 | Lair:2   | Received a gift from Nemelex Xobeh
 11874 | Lair:1   | a komodo dragon changed into a death drake
 11874 | Lair:1   | Noticed a death drake
 11875 | Lair:1   | a death drake changed into a hornet
 12174 | Lair:1   | Received a gift from Nemelex Xobeh
 12538 | D:6      | Bought a manual of Stealth for 1040 gold pieces
 12634 | Lair:2   | Found a hole to the Spider Nest.
 13139 | Lair:3   | Reached skill level 11 in Stealth
 13204 | Lair:3   | Reached XP level 13. HP: 84/84 MP: 20/20
 13204 | Lair:3   | Received a gift from Nemelex Xobeh
 13300 | Lair:3   | Reached skill level 12 in Stealth
 13446 | Lair:3   | Reached skill level 10 in Invocations
 13489 | Lair:3   | Reached skill level 13 in Stealth
 13519 | Lair:3   | Reached skill level 14 in Stealth
 13531 | Lair:3   | Noticed a catoblepas
 13558 | Lair:3   | Killed a catoblepas
 13801 | Lair:3   | Received a gift from Nemelex Xobeh
 14063 | Lair:4   | Reached skill level 15 in Stealth
 14200 | Lair:4   | Reached skill level 16 in Stealth
 14203 | Lair:4   | Found a dark tunnel.
 14209 | Volcano  | Entered a volcano
 14314 | Volcano  | Found a burning altar of Makhleb.
 14315 | Volcano  | Noticed a centaur warrior
 14319 | Volcano  | Killed a centaur warrior
 14398 | Volcano  | Noticed a red draconian
 14405 | Volcano  | Killed a red draconian
 14406 | Volcano  | Reached skill level 17 in Stealth
 14730 | Lair:4   | Noticed a five-headed hydra
 14733 | Lair:4   | Received a gift from Nemelex Xobeh
 14734 | Lair:4   | Killed a five-headed hydra
 14774 | Lair:4   | Reached skill level 18 in Stealth
 14829 | Lair:4   | Reached XP level 14. HP: 92/92 MP: 22/22
 15163 | Lair:4   | Identified the ring "Gulic" {Str+4 Slay+4}
 15375 | Lair:5   | Entered Level 5 of the Lair of Beasts
 15392 | Lair:5   | Received a gift from Nemelex Xobeh
 15497 | Lair:5   | Reached skill level 19 in Stealth
 15622 | Lair:5   | Found a staircase to the Slime Pits.
 15624 | Lair:5   | Found a viscous altar of Jiyva.
 15935 | Lair:5   | Received a gift from Nemelex Xobeh
 16636 | Lair:5   | Killed from afar by an oklob plant

Illustrated notes

Levels and vault maps discovered:
D:1:      reono_arrival_mine, layout_rooms, serial_curves, eino_curves_01,
          eino_curves_04, shapermc_ecumenical_altar_ellora, minivault_4
D:2:      minmay_inner_zag, layout_loops_ring, uniq_terence,
          uniq_crazy_yiuf_cottage
D:3:      layout_loops_ring, mainiacjoe_overflow_boulevard
D:4:      layout_loops_cross, minmay_temple_entry_gardened_gates
D:5:      corexii_shack_village, layout_layer_cave, gammafunk_ghost_stat_death,
          chequers_jeans
D:6:      layout_basic, skrybe_limestone_x, nicolae_shop_self_help,
          uniq_blork_the_orc
D:7:      layout_basic, enter_bailey_3, uniq_joseph
D:8:      layout_rooms, mainiacjoe_overflow_chevrons,
          chequers_temple_overflow_statue_of_worship, lair_entry_dummy,
          nicolae_stop_n_shop_2, minmay_increasing_density
D:9:      layout_gridville, nicolae_overflow_crystal_walls, library_closet,
          hangedman_ranch
D:10:     layout_basic, riverfiend_overflow_shadow_ancestor,
          grunt_temple_overflow_champion_of_chaos,
          nicolae_trove_entry_path_of_doom, minmay_misc_feat_tiny, laboratory
D:11:     layout_rooms, zombieorc1_lemuel, nicolae_sif_muna_condensation
Lair:1:   beast_lair_carwin_large_1, layout_big_grid, lemuel_fruit_fields
Lair:2:   minmay_guarded_unrand_snakebite, layout_gridlike,
          minmay_swamp_entry_swarm, spider_nest_entry_web_field,
          lemuel_fruit_tree
Lair:3:   layout_loops_ring, nicolae_lair_liquid_snakes, serial_bayou_shore_b
Lair:4:   layout_gridlike, lightli_volcano_entry_magma_tube, serial_bayou,
          serial_bayou_shore_a, serial_bayou_pond_d, serial_bayou_pond_a,
          serial_bayou_pond_c
Lair:5:   cheibrodos_lair_end_hotspot, layout_regular_city, slime_entry_1

Skill      XL: |  1  2  3  4  5  6  7  8  9 10 11 12 13 14 |
---------------+-------------------------------------------+-----
Stealth        | 1 2 3 4 5 6 9 11 18 19 | 19.7
Dodging        | 3 4 9 11 | 11.9
Invocations    | 1 2 3 4 5 6 8 9 11 12 | 12.6
Short Blades   | 5 7 9 11 14 | 14.0
Fighting       | 3 4 6 7 9 11 12 13 | 13.5
Spellcasting   | |  2.1
Conjurations   | |  3.0

Action                   |  1- 3 |  4- 6 |  7- 9 | 10-12 | 13-15 || total
-------------------------+-------+-------+-------+-------+-------++-------
Melee: Short sword       |    35 |       |       |     9 |       ||    44
       Dagger            |    65 |   190 |   338 |   103 |       ||   696
       Punch             |       |     3 |     3 |    11 |     7 ||    24
       Rapier            |       |       |       |   591 |   512 ||  1103
 Cast: Kiss of Death     |     1 |       |     1 |       |       ||     2
Invok: Draw Destruction  |     2 |     1 |    11 |    18 |    31 ||    63
       Draw Summoning    |       |       |     4 |     3 |     3 ||    10
       Draw Escape       |       |       |     2 |     8 |     3 ||    13
       Deal Four         |       |       |       |       |     1 ||     1
Evoke: Wand              |       |       |     6 |     3 |       ||     9
  Use: Scroll            |     1 |     6 |     2 |    17 |     7 ||    33
       Potion            |       |       |       |     4 |     1 ||     5
 Stab: Sleeping          |     7 |    22 |    11 |    32 |    37 ||   109
       Distracted        |       |       |     1 |     1 |     4 ||     6
       Petrified         |       |       |       |       |     1 ||     1
Armor: Leather armour    |    27 |    39 |    17 |       |       ||    83
       Troll leather arm |       |       |    42 |   119 |   128 ||   289
Dodge: Dodged            |    58 |    96 |   174 |   349 |   413 ||  1090

Table legend: (Time is in decaauts)
 A = Elapsed time spent in this place.
 B = Non-inter-level travel time spent in this place.
 C = Inter-level travel time spent in this place.
 D = Time resting spent in this place.
 E = Time spent auto-exploring this place.
 F = Levels seen in this place.
 G = Mean time per level.
                   A        B        C        D        E       F      G
               +--------+--------+--------+--------+--------+-----+--------+
         Total |  15899 |  15032 |    867 |    205 |  11759 |  18 |  883.3 |
       Dungeon |  10307 |   9584 |    723 |     35 |   7840 |  11 |  937.0 |
          Lair |   5018 |   4874 |    144 |     54 |   3758 |   5 | 1003.6 |
        Bailey |    311 |    311 |      0 |     71 |     70 |   1 |  311.0 |
       Volcano |    262 |    262 |      0 |     45 |     90 |   1 |  262.0 |
               +--------+--------+--------+--------+--------+-----+--------+

Top non-repeatable levels by time:
     D:6: 1583 daAuts
     D:5: 1449 daAuts
  Lair:2: 1275 daAuts
    D:10: 1250 daAuts
  Lair:4: 1132 daAuts
  Lair:5: 1005 daAuts
     D:8: 1004 daAuts
     D:2: 960 daAuts
  Lair:3: 881 daAuts
     D:3: 852 daAuts
     D:7: 784 daAuts
     D:9: 737 daAuts
  Lair:1: 722 daAuts
     D:1: 714 daAuts
     D:4: 712 daAuts
